Map: Bel'Shir Vestige LE (Void)

Players

Fropez - Winner!

  • Race: Protoss Protoss
  • League: Platinum
  • Spawn Location: 11:00

commordore

  • Race: Terran Terran
  • League: Gold
  • Spawn Location: 5:00

VOD

Have the link to the VOD?

Description

Time

  • Played on: Jan. 27, 2017, 5:54 p.m.
  • Length: 30:51
Show
View Real Time Build Order
Export as new Build Order

Fropez Protoss - Winner!

Build Orders:  

Get SALT Encoding   

  12  0:01  Probe (Chrono Boost)  
  13  0:11  Probe (Chrono Boost)  
  14  0:17  Pylon  
  14  0:20  Pylon  
  14  0:24  Probe (Chrono Boost)  
  15  0:41  Probe (Chrono Boost)  
  15  0:42  Gateway  
  16  0:47  Pylon  
  16  0:52  Probe (Chrono Boost)  
  17  0:59  Assimilator  
  17  1:18  Probe (Chrono Boost)  
  18  1:29  Cybernetics Core  
  18  1:39  Pylon  
  18  1:42  Probe (Chrono Boost)  
  19  1:47  Pylon  
  19  1:52  Pylon  
  19  1:55  Probe (Chrono Boost)  
  20  2:08  Adept  
  22  2:10  Assimilator  
  23  2:21  Warp Gate  
  22  2:28  Nexus  
  22  2:29  Gateway  
  22  2:38  Adept  
  25  2:56  Probe (Chrono Boost)  
  25  3:01  Pylon  
  25  3:08  Adept, Probe (Chrono Boost)  
  28  3:16  Stalker  
  30  3:21  Twilight Council  
  30  3:23  Probe (Chrono Boost)  
  31  3:44  Resonating Glaives  
  31  3:46  Probe (Chrono Boost)  
  31  3:47  Probe (Chrono Boost)  
  33  3:53  Assimilator  
  33  3:57  Mothership Core (Chrono Boost)  
  33  3:59  Probe (Chrono Boost)  
  36  4:21  Probe (Chrono Boost)  
  36  4:23  Probe (Chrono Boost)  
  36  4:25  Adept x2  
  40  4:34  Probe (Chrono Boost)  
  40  4:36  Probe (Chrono Boost)  
  42  4:39  Pylon  
  42  4:43  Robotics Facility  
  42  4:45  Probe (Chrono Boost)  
  43  4:48  Probe (Chrono Boost)  
  43  4:50  Adept x2  
  48  4:55  Probe (Chrono Boost)  
  50  5:00  Probe (Chrono Boost)  
  48  5:10  Probe (Chrono Boost)  
  48  5:12  Probe (Chrono Boost)  
  50  5:16  Assimilator  
  50  5:20  Pylon x2  
  50  5:21  Probe (Chrono Boost)  
  51  5:23  Forge  
  51  5:24  Probe (Chrono Boost)  
  51  5:25  Adept x2  
  56  5:32  Observer  
  57  5:39  Probe (Chrono Boost)  
  57  5:40  Probe (Chrono Boost)  
  59  5:45  Gateway  
  59  5:46  Pylon x2  
  59  5:54  Probe x2 (Chrono Boost)  
  57  6:23  Probe x2 (Chrono Boost)  
  59  6:42  Nexus  
  57  6:55  Pylon  
  57  6:58  Protoss Ground Weapons Level 1  
  51  7:03  Assimilator, Gateway  
  51  7:05  Pylon  
  51  7:06  Gateway  
  51  7:07  Gateway  
  49  7:10  Gateway  
  49  7:12  Gateway  
  49  7:13  Probe x2 (Chrono Boost)  
  49  7:14  Pylon  
  49  7:15  Forge  
  51  7:16  Warp Prism  
  51  7:18  Pylon  
  51  7:20  Photon Cannon  
  51  7:21  Photon Cannon  
  53  7:25  Probe x2 (Chrono Boost)  
  55  7:30  Adept x2  
  55  7:32  Adept  
  61  7:41  Probe x2 (Chrono Boost)  
  61  7:42  Pylon  
  63  7:45  Protoss Ground Armor Level 1  
  63  7:52  Pylon  
  63  7:54  Probe (Chrono Boost)  
  63  7:55  Probe x2 (Chrono Boost)  
  66  8:11  Adept x5  
  66  8:12  Adept  
  78  8:17  Pylon  
  78  8:19  Assimilator  
  80  8:20  Probe x2 (Chrono Boost)  
  80  8:23  Adept  
  80  8:24  Adept  
  84  8:50  Adept x4  
  84  8:51  Adept x3  
  84  8:52  Adept  
  88  9:08  Probe (Chrono Boost)  
  87  9:10  Probe x2 (Chrono Boost)  
  87  9:15  Gateway  
  87  9:19  Dark Shrine  
  87  9:20  Photon Cannon, Protoss Ground Weapons Level 2  
  87  9:21  Probe (Chrono Boost)  
  87  9:22  Probe x2 (Chrono Boost)  
  90  9:25  Protoss Ground Armor Level 2  
  90  9:26  Charge  
  90  9:29  Robotics Facility  
  90  9:32  Pylon  
  90  9:33  Immortal  
  94  9:53  Stalker x4  
  94  9:56  Adept x2  
  108  10:01  Probe x2 (Chrono Boost)  
  108  10:02  Probe (Chrono Boost)  
  109  10:14  Immortal  
  113  10:20  Stalker x3  
  116  10:32  Probe (Chrono Boost)  
  116  10:33  Probe x2 (Chrono Boost)  
  99  10:38  Adept x3  
  99  10:39  Adept  
  97  10:43  Dark Templar  
  95  11:14  Nexus  
  95  11:15  Probe (Chrono Boost)  
  95  11:16  Probe x2 (Chrono Boost)  
  95  11:18  Pylon  
  98  11:25  Dark Templar  
  98  11:26  Dark Templar x2  
  98  11:27  Probe (Chrono Boost)  
  98  11:28  Probe (Chrono Boost)  
  106  11:34  Dark Templar x3  
  106  11:46  Photon Cannon  
  106  11:47  Photon Cannon  
  106  11:49  Shadow Stride  
  106  11:50  Photon Cannon  
  106  11:52  Pylon  
  106  11:53  Assimilator  
  106  11:57  Pylon  
  106  11:59  Dark Templar x2  
  106  12:00  Dark Templar x3  
  116  12:02  Pylon  
  116  12:10  Pylon  
  116  12:26  Protoss Ground Armor Level 3  
  104  12:41  Stalker x3  
  104  12:42  Stalker x5  
  118  12:45  Protoss Ground Weapons Level 3  
  118  12:49  Probe x2 (Chrono Boost)  
  103  13:21  Dark Templar x5  
  103  13:22  Dark Templar x3  
  117  13:51  Dark Templar  
  119  13:59  Gateway  
  119  14:01  Gateway  
  119  14:03  Gateway  
  119  14:05  Gateway  
  119  14:08  Gateway  
  119  14:10  Pylon  
  119  14:12  Pylon  
  119  14:14  Pylon  
  123  14:53  Probe x4 (Chrono Boost)  
  123  15:10  Stalker x5  
  123  15:11  Stalker x5  
  123  15:12  Stalker x3  
  149  15:14  Blink  
  149  15:16  Pylon, Protoss Shields Level 1  
  149  15:17  Nexus  
  149  15:21  Assimilator  
  149  15:28  Pylon  
  149  15:30  Stalker  
  151  15:37  Stargate  
  151  15:39  Pylon, Stargate  
  151  15:42  Pylon  
  151  15:57  Stalker x3  
  151  15:58  Stalker x7  
  151  15:59  Stalker  
  151  16:00  Protoss Air Weapons Level 1  
  151  16:02  Assimilator  
  173  16:04  Pylon  
  173  16:07  Assimilator  
  173  16:21  Stalker x2  
  173  16:22  Stalker x6  
  189  16:55  Stalker x4  
  189  16:56  Stalker  
  195  17:47  Void Ray  
  197  17:55  Protoss Shields Level 2  
  193  18:06  Protoss Air Armor Level 1  
  189  18:23  Fleet Beacon  
  188  18:34  Void Ray x2  
  196  19:11  Void Ray  
  196  19:49  Void Ray  
  182  20:21  Void Ray  
  182  20:26  Void Ray  
  138  20:59  Void Ray  
  138  21:03  Void Ray  
  140  21:36  Void Ray  
  140  21:40  Void Ray  
  140  21:43  Archon x5  
  140  21:44  Archon x3  
  148  22:13  Void Ray  
  148  22:17  Void Ray  
  150  22:50  Void Ray  
  145  23:36  Protoss Shields Level 3, Robotics Facility  
  145  23:38  Robotics Facility  
  145  23:39  Void Ray  
  145  23:40  Pylon, Protoss Air Weapons Level 2  
  145  23:41  Cybernetics Core  
  145  23:43  Void Ray  
  153  24:16  Void Ray  
  157  24:24  Nexus  
  157  24:26  Void Ray  
  161  24:36  Nexus  
  161  24:53  Void Ray  
  161  24:57  Nexus  
  153  25:08  Void Ray  
  149  25:18  Nexus  
  141  25:27  Nexus  
  141  25:29  Observer x2  
  141  25:30  Observer x2  
  141  25:31  Void Ray  
  141  25:38  Protoss Air Armor Level 2  
  141  25:40  Robotics Bay  
  145  25:42  Pylon  
  145  25:50  Observer  
  145  25:51  Void Ray  
  150  26:08  Void Ray  
  154  26:34  Void Ray  
  158  26:45  Void Ray  
  158  26:50  Assimilator  
  162  26:55  Assimilator  
  162  27:17  Void Ray  
  162  27:20  Carrier  
  154  27:23  Assimilator  
  154  27:25  Assimilator  
  96  27:49  Assimilator  
  96  27:53  Assimilator  
  88  27:59  Carrier  
  90  28:06  Assimilator  
  90  28:08  Assimilator  
  90  28:21  Assimilator  
  90  28:26  Pylon  
  90  28:29  Pylon  
  90  28:33  Pylon  
  90  28:35  Carrier  
  90  28:43  Pylon  
  90  28:46  Observer Gravitic Boosters  
  90  28:47  Pylon  
  96  28:57  Pylon  
  96  29:00  Pylon  
  96  29:11  Pylon  
  96  29:13  Pylon  
  96  29:24  Carrier  
  102  29:35  Pylon  
  102  29:38  Pylon  
  102  30:02  Pylon  
  102  30:06  Pylon  
Show
View Real Time Build Order
Export as new Build Order

commordore Terran 

Build Orders: MMM Bio 

Get SALT Encoding   

  12  0:02  SCV  
  13  0:14  SCV  
  13  0:18  Supply Depot  
  14  0:26  SCV  
  15  0:40  SCV  
  16  0:46  Barracks  
  16  0:52  SCV  
  16  0:53  Refinery  
  17  1:08  SCV  
  18  1:23  SCV  
  19  1:31  Supply Depot  
  19  1:37  Orbital Command  
  19  1:38  Reaper  
  20  1:57  Supply Depot  
  20  2:04  SCV  
  21  2:20  Reaper  
  21  2:22  SCV  
  23  2:29  Command Center  
  23  2:35  SCV  
  24  2:51  SCV  
  24  2:56  Command Center  
  24  3:02  Barracks Reactor  
  24  3:07  Refinery  
  24  3:11  Barracks  
  24  3:13  Barracks  
  24  3:18  SCV  
  25  3:22  Supply Depot  
  24  3:47  Marine  
  24  3:48  Marine  
  24  3:55  Orbital Command  
  24  4:01  Marine  
  25  4:05  Marine  
  25  4:12  SCV  
  25  4:21  Orbital Command x2  
  25  4:24  SCV  
  25  4:28  Marine x2  
  25  4:29  Barracks Tech Lab  
  28  4:38  SCV  
  29  4:49  Supply Depot  
  29  4:50  SCV  
  30  4:55  SCV  
  30  5:02  SCV  
  30  5:03  Marine x2  
  33  5:07  SCV  
  33  5:10  Marine  
  33  5:11  Stimpack  
  33  5:12  Barracks Tech Lab  
  35  5:14  SCV  
  35  5:17  Command Center  
  35  5:20  SCV  
  37  5:22  Marine  
  37  5:23  Marine  
  37  5:26  SCV  
  37  5:28  SCV  
  41  5:32  SCV  
  42  5:36  Combat Shields  
  42  5:37  Marine  
  42  5:38  Marine, SCV  
  42  5:40  Marine, SCV  
  47  5:54  SCV, Engineering Bay, Factory  
  47  5:55  SCV x2, Engineering Bay  
  50  5:57  Marine  
  50  6:00  Marauder  
  42  6:15  Marine x3  
  42  6:21  Marine  
  43  6:28  SCV  
  43  6:29  SCV  
  43  6:31  SCV  
  40  6:32  Marine  
  40  6:33  Marine x2  
  40  6:39  Marine  
  41  6:51  Marauder  
  41  6:52  Orbital Command  
  38  6:58  Marine  
  38  6:59  Marine, Marauder  
  37  7:03  SCV x2  
  37  7:07  Orbital Command  
  38  7:10  Terran Infantry Weapons Level 1  
  38  7:12  Marauder  
  38  7:15  SCV  
  41  7:17  Marine  
  41  7:18  Marine  
  43  7:27  Factory Reactor  
  43  7:30  SCV  
  43  7:31  SCV  
  43  7:32  SCV  
  43  7:33  SCV  
  47  7:42  SCV  
  48  7:47  Terran Infantry Armor Level 1  
  48  7:48  Starport  
  48  7:49  SCV x2  
  50  8:05  SCV x2  
  52  8:06  Marine x2  
  52  8:07  Marauder x2  
  52  8:09  Cyclone x2  
  64  8:14  Supply Depot  
  64  8:15  Supply Depot  
  64  8:17  SCV  
  65  8:20  Supply Depot  
  65  8:21  SCV  
  65  8:24  Marine x2  
  65  8:26  Orbital Command, Starport Reactor  
  68  8:28  Marauder  
  68  8:29  SCV  
  68  8:33  SCV  
  72  8:42  Supply Depot  
  72  8:49  Orbital Command  
  72  9:01  Marine, Marauder  
  72  9:02  Marine, Marauder  
  70  9:14  Cyclone x2  
  76  9:19  Marine x2  
  76  9:23  Marauder  
  76  9:24  Marauder  
  82  9:27  SCV x4  
  86  9:31  Refinery  
  86  9:32  Refinery  
  86  9:39  SCV x2  
  86  9:42  Sensor Tower  
  86  9:44  SCV x2  
  90  9:49  Marine  
  90  9:50  Marine  
  90  9:51  SCV, Marauder x2  
  97  10:00  Cyclone  
  100  10:09  SCV x4  
  100  10:10  Marine x2  
  100  10:12  Marine, Marauder  
  109  10:21  SCV  
  92  10:41  Marine x3  
  74  10:53  Marine  
  74  10:55  Cyclone x2  
  74  10:56  Medivac x2  
  86  10:57  SCV x3  
  86  10:59  Marine  
  86  11:01  Barracks  
  89  11:04  Barracks x2  
  89  11:08  Barracks  
  89  11:10  Barracks  
  87  11:14  SCV  
  87  11:17  Marine x2  
  87  11:18  Marauder x2  
  94  11:25  Medivac  
  94  11:30  Barracks  
  94  11:32  Barracks  
  96  11:33  Barracks  
  96  11:35  Barracks  
  96  11:37  Barracks  
  96  11:48  Refinery x2  
  96  11:51  Refinery  
  96  11:53  Refinery  
  96  11:56  Barracks Tech Lab x2  
  96  11:57  Barracks Tech Lab x2  
  96  11:58  Barracks Tech Lab  
  96  11:59  Marine  
  96  12:00  Marine, SCV  
  96  12:01  SCV x3  
  102  12:08  Supply Depot  
  102  12:10  Supply Depot  
  102  12:13  SCV x2, Supply Depot x2  
  104  12:15  Supply Depot  
  104  12:17  Supply Depot  
  104  12:18  Supply Depot x2  
  90  12:42  Missile Turret  
  90  12:44  Missile Turret  
  89  12:46  Marine  
  89  12:47  Marine x2, Barracks Tech Lab x2  
  89  12:48  Barracks Tech Lab x2  
  89  12:49  Marauder x4  
  89  12:50  Marauder x3  
  89  12:51  Cyclone x2  
  112  12:52  Medivac  
  105  13:08  Marauder x4  
  105  13:10  Marauder  
  105  13:11  Marauder x4  
  96  13:20  Marine x2  
  96  13:21  Marauder x2  
  102  13:29  Marauder  
  102  13:30  Marauder  
  102  13:31  Missile Turret  
  51  14:05  Marauder  
  51  14:06  Marauder x5  
Tags
 
Composition
MMM Bio
Matchup
PvT
Replay Pack
All Mines
Spawn Locations
Cross Positions
Add a new tag
Caveats
  • Supply blocks, unpowered buildings, or Contaminate may cause inaccurate times.
  • Supply counts are checked every 10 seconds.